 Dungeon Crawl Stone Soup version 0.21-b1-19-g8321a34dda (webtiles) character file.

26048 MirrMurr the Basher (level 13, -3/84 HPs)
             Began as a Gargoyle Berserker on Jan 4, 2018.
             Was a High Priest of Trog.
             Engulfed by an ice statue's freezing vapour (29 damage)
             ... in an ice cave.
             The game lasted 00:44:20 (17085 turns).

MirrMurr the Basher (Gargoyle Berserker)           Turns: 17085, Time: 00:44:21

Health: -3/84      AC: 34    Str: 21    XL:     13   Next: 23%
Magic:  13/13      EV: 14    Int: 10    God:    Trog [*****.]
Gold:   846        SH:  5    Dex: 12    Spells: 12/12 levels left

rFire    . . .     SeeInvis .   a - +1 morningstar (venom)
rCold    . . .     Gourm    +   x - +0 buckler
rNeg     + . .     Faith    .   l - +0 plate armour
rPois    ∞         Spirit   .   q - +2 helmet
rElec    +         Reflect  .   O - +1 cloak
rCorr    +         Harm     .   o - +2 pair of gloves
MR       .....                  (no boots)
Stlth    ..........             t - amulet of the gourmand
HPRegen  0.24/turn              z - ring of resist corrosion
MPRegen  0.13/turn              u - +4 ring of evasion

@: no status effects
A: negative energy resistance 1, electricity resistance, unbreathing,
petrification resistance, rot immunity, AC +9
a: Berserk, Trog's Hand, Brothers in Arms, Burn Spellbooks, Renounce Religion


You were in an ice cave.
You worshipped Trog.
Trog was extremely pleased with you.
You were full.

You visited 3 branches of the dungeon, and saw 16 of its levels.
You also visited: Ice Cave.

You collected 879 gold pieces.
You spent 33 gold pieces at shops.

Inventory:

Hand Weapons
 a - a +1 morningstar of venom (weapon)
 b - a +2 hand crossbow of velocity
Missiles
 h - 8 throwing nets {!f}
 j - 87 bolts
 m - 8 tomahawks (quivered)
 p - 3 curare-tipped needles
 D - 8 needles of confusion
 G - 2 tomahawks of dispersal
 I - 64 poisoned needles
 K - 4 tomahawks of returning
Armour
 l - a +0 plate armour (worn)
 o - a +2 pair of gloves (worn)
 q - a +2 helmet (worn)
 x - a +0 buckler (worn)
 O - a +1 cloak (worn)
Jewellery
 e - an uncursed ring of positive energy
 g - an uncursed ring of protection from magic
 t - an amulet of the gourmand (around neck)
 u - a +4 ring of evasion (right hand)
 z - a ring of resist corrosion (left hand)
Wands
 B - a wand of flame (24)
 P - a wand of polymorph (13)
 Q - a wand of iceblast (13)
 R - a wand of digging (4)
Scrolls
 f - 8 scrolls of teleportation
 i - 11 scrolls of identify
 r - 4 scrolls of remove curse
 w - a scroll of blinking
 E - a scroll of fog
 M - 2 scrolls of enchant weapon
Potions
 k - 4 potions of might
 n - 2 potions of heal wounds
 s - 3 potions of mutation
 v - a potion of cancellation
 A - 3 potions of haste
 F - 5 potions of curing
 H - 3 potions of resistance
 L - a potion of invisibility
 U - a potion of agility
Books
 y - a book of Cantrips

   Spells                             Type                      Level
   a - Confusing Touch                Hexes                        1
   b - Animate Skeleton               Necromancy                   1
   c - Summon Small Mammal            Summoning                    1
   d - Apportation                    Translocation                1
   Trog disapproves of the use of such an item.
 N - a book of Minor Magic

   Spells                             Type                      Level
   a - Magic Dart                     Conjuration                  1
   b - Blink                          Translocation                2
   c - Call Imp                       Summoning                    2
   d - Slow                           Hexes                        2
   e - Conjure Flame                  Conjuration/Fire             3
   f - Mephitic Cloud                 Conjuration/Poison/Air       3
   Trog disapproves of the use of such an item.
Comestibles
 c - 28 rations


   Skills:
 + Level 11.1 Fighting
 * Level 13.7 Maces & Flails
 + Level 10.9 Armour
 + Level 8.4 Dodging
 - Level 4.0 Shields


You had 12 spell levels left.
You didn't know any spells.

Dungeon Overview and Level Annotations

Branches:
Dungeon (11/15)            Temple (1/1) D:6            Lair (4/6) D:9
  Swamp (0/4) Lair:2        Snake (0/4) Lair:4          Orc (0/2) D:9

Altars:
Ashenzari
Cheibriados
Dithmenos
Elyvilon
Fedhas
Makhleb
Nemelex Xobeh
Ru
Yredelemnul
The Shining One

Shops:
D:4 !   D:6 :   D:8 *

Portals:
Trove: D:11 (lose all piety)

Annotations:
IceCv exclusion: ice statue


Innate Abilities, Weirdness & Mutations

You are resistant to torment.
Your stone body is resilient. (AC +9)
You are immune to poison.
You resist negative energy. (rN+)
You are resistant to electric shocks. (rElec)
You can survive without breathing.
You are immune to petrification.
You are immune to rotting.


Message History

You hit the ice statue but do no damage.
The ice statue is heavily damaged.
You are engulfed in freezing vapours.
You block the ice beast's attack.
The ice beast hits you but does no damage.
You puncture the ice statue!
The ice statue is severely damaged.
You are engulfed in freezing vapours.
The ice beast hits you but does no damage.
The ice beast hits you. The ice beast freezes you!
Unknown command.
You hit the ice statue but do no damage.
The ice statue is severely damaged.
You are engulfed in freezing vapours.
* * * LOW HITPOINT WARNING * * *
The ice beast hits you but does no damage. x2
You are too injured to fight recklessly!
Unknown command.
You are too injured to fight recklessly!
You are engulfed in freezing vapours.
You die...

#...............#
#...............#
#.......⌠.......#
#...............#
#...............#
#.§..§........#
#..§§Y........#
#.§§Y.......#
##8#@....#.##
####...####
##...# #...##
#...## ##...#
##...## ##.....##
#...∩...#


You could see 2 ice beasts.

Vanquished Creatures
  Harold (Lair:1)
  A hydra (Lair:1)
  The ghost of NihilVerum the Tainter, a journeyman DsVM of Yredelemnul (Lair:1)
  3 two-headed ogres
  A tengu warrior (D:10)
  The ghost of Merkknight the Cleaver, a novice MiBe of Trog (D:7)
  An elephant (D:9)
  2 black mambas (Lair:1)
  An ice statue (IceCv)
  A torpor snail (Lair:3)
  6 spiny frogs
  A rime drake (Lair:2)
  5 komodo dragons (Lair:1)
  The ghost of BrokenGlass the Martial Artist, a novice OpFi (D:5)
  3 ice devils (IceCv)
  A tengu conjurer (D:10)
  2 trolls
  2 dream sheep (Lair:3)
  4 blink frogs (Lair:2)
  2 hippogriffs (D:9)
  29 yaks
  A wraith (D:11)
  A wyvern (D:11)
  2 basilisks
  A hungry ghost (D:8)
  2 swamp worms (Lair:2)
  6 water moccasins
  2 porcupines
  A swamp drake (D:9)
  An ice beast (D:6)
  2 sky beasts
  7 orc warriors
  A black bear (D:9)
  A necrophage (D:7)
  7 ogres
  2 phantoms
  4 wolves (Lair:3)
  2 centaurs
  4 crocodiles
  A big kobold (D:11)
  18 bullfrogs
  2 gnoll sergeants
  7 scorpions
  7 killer bees (D:10)
  3 wights
  4 vampire bats (Lair:2)
  2 howler monkeys
  5 crimson imps
  3 bullfrog zombies
  A centaur zombie (D:8)
  3 jellies
  A quasit (D:9)
  3 iguanas
  A centaur skeleton (D:4)
  9 hounds
  6 orc priests
  2 bullfrog skeletons
  13 orc wizards
  11 worker ants
  A killer bee zombie (D:8)
  A hound skeleton (D:7)
  A worker ant zombie (D:8)
  14 gnolls
  16 adders
  3 shadow imps
  2 oozes
  An adder zombie (D:6)
  5 adder skeletons
  5 worms
  2 dart slugs
  9 leopard geckos
  65 orcs
  12 bats
  4 giant cockroaches
  8 goblins
  4 hobgoblins
  13 jackals
  13 quokkas
  A ball python (D:2)
  5 frilled lizards
  A goblin skeleton (D:9)
  A goblin zombie (D:9)
  3 hobgoblin zombies (D:9)
  A jackal zombie (D:6)
  11 kobolds
  A kobold skeleton (D:9)
  2 orc skeletons (D:9)
  An orc zombie (D:9)
  A quokka skeleton (D:4)
  6 rats
  A fungus (Lair:3)
432 creatures vanquished.

Vanquished Creatures (others)
  2 fungi
  A plant (Lair:2)
3 creatures vanquished.

Grand Total: 435 creatures vanquished

Notes
Turn   | Place    | Note
-------+----------+-------------------------------------------
     0 | D:1      | MirrMurr the Gargoyle Berserker began the quest for the Orb.
     0 | D:1      | Reached XP level 1. HP: 14/14 MP: 1/1
   179 | D:1      | Reached XP level 2. HP: 10/19 MP: 2/2
   816 | D:2      | Reached XP level 3. HP: 23/23 MP: 3/3
   939 | D:2      | Reached ** piety under Trog
  1112 | D:2      | Reached XP level 4. HP: 21/29 MP: 4/4
  1409 | D:2      | Reached skill level 4 in Maces & Flails
  1970 | D:2      | Reached XP level 5. HP: 33/33 MP: 5/5
  3115 | D:3      | Reached XP level 6. HP: 35/39 MP: 6/6
  3142 | D:3      | Found a shadowy altar of Dithmenos.
  3142 | D:3      | Found a sacrificial altar of Ru.
  3143 | D:3      | Found a basalt altar of Yredelemnul.
  3347 | D:4      | Reached skill level 5 in Maces & Flails
  3421 | D:4      | Reached *** piety under Trog
  3588 | D:4      | Found Yfaptumn's Distillery.
  3596 | D:4      | Bought a potion of curing for 33 gold pieces
  3637 | D:4      | Reached XP level 7. HP: 44/44 MP: 7/7
  3788 | D:4      | Reached skill level 5 in Fighting
  4292 | D:5      | Entered Level 5 of the Dungeon
  4422 | D:5      | Reached skill level 6 in Maces & Flails
  4623 | D:5      | Reached XP level 8. HP: 50/50 MP: 8/8
  4626 | D:5      | Noticed BrokenGlass's ghost (novice OpFi)
  4705 | D:5      | Killed BrokenGlass's ghost
  4705 | D:5      | Reached skill level 5 in Armour
  4889 | D:5      | Reached skill level 7 in Maces & Flails
  5955 | D:6      | Reached **** piety under Trog
  5955 | D:6      | Reached XP level 9. HP: 56/56 MP: 9/9
  5959 | D:6      | Found a staircase to the Ecumenical Temple.
  5968 | Temple   | Entered the Ecumenical Temple
  5986 | D:6      | Found Yhoigac's Book Shoppe.
  6486 | D:6      | Reached skill level 8 in Maces & Flails
  7185 | D:7      | Noticed Merkknight's ghost (novice MiBe)
  7201 | D:7      | Killed Merkknight's ghost
  7201 | D:7      | Reached skill level 5 in Dodging
  7413 | D:7      | Reached skill level 9 in Maces & Flails
  7532 | D:7      | Reached XP level 10. HP: 52/63 MP: 7/10
  7572 | D:7      | Found a shattered altar of Ashenzari.
  8268 | D:8      | Noticed a two-headed ogre
  8281 | D:8      | Killed a two-headed ogre
  8611 | D:8      | Reached skill level 10 in Maces & Flails
  8704 | D:8      | Noticed a two-headed ogre
  8715 | D:8      | Killed a two-headed ogre
  8719 | D:8      | Found Zeagiy's General Store.
  8911 | D:9      | Found a blossoming altar of Fedhas.
  9041 | D:9      | Reached XP level 11. HP: 37/69 MP: 4/11
  9241 | D:9      | Reached skill level 11 in Maces & Flails
  9303 | D:9      | Found a staircase to the Lair.
  9479 | D:9      | Reached ***** piety under Trog
  9664 | D:9      | Received a gift from Trog
  9692 | D:9      | Found a staircase to the Orcish Mines.
  9981 | D:9      | Found a glowing golden altar of the Shining One.
 10088 | D:10     | Entered Level 10 of the Dungeon
 10164 | D:10     | Noticed a tengu warrior
 10203 | D:10     | Killed a tengu warrior
 11171 | D:10     | Reached skill level 1 in Shields
 11450 | D:10     | Noticed a two-headed ogre
 11463 | D:10     | Killed a two-headed ogre
 11832 | D:11     | Found a portal to a secret trove of treasure.
 12230 | Lair:1   | Entered Level 1 of the Lair of Beasts
 12249 | Lair:1   | Noticed a seven-headed hydra
 12270 | Lair:1   | Killed a seven-headed hydra
 12270 | Lair:1   | Reached skill level 12 in Maces & Flails
 12434 | Lair:1   | Noticed NihilVerum's ghost (journeyman DsVM)
 12446 | Lair:1   | Reached XP level 12. HP: 46/77 MP: 12/12
 12463 | Lair:1   | Killed NihilVerum's ghost
 12470 | Lair:1   | Reached skill level 10 in Fighting
 12545 | Lair:1   | Noticed Harold
 12575 | Lair:1   | Killed Harold
 12585 | Lair:1   | HP: 5/115 [yak (7)]
 12639 | Lair:1   | HP: 2/77 [black mamba (6)]
 12987 | Lair:1   | Reached skill level 10 in Armour
 13024 | Lair:1   | Found the +8 whip "Snakebite" {curare, rPois}
 13811 | Lair:2   | Reached skill level 13 in Maces & Flails
 13894 | Lair:2   | Received a gift from Trog
 14145 | Lair:2   | Found a staircase to the Swamp.
 14565 | Lair:2   | Reached XP level 13. HP: 78/84 MP: 13/13
 16158 | Lair:4   | Found a frozen archway.
 16164 | Lair:4   | Found a staircase to the Snake Pit.
 16168 | IceCv    | Entered an ice cave
 17085 | IceCv    | Engulfed by an ice statue's freezing vapour

Skill      XL: |  1  2  3  4  5  6  7  8  9 10 11 12 13 |
---------------+----------------------------------------+-----
Dodging        | 2 3 4 5 6 7 8 |  8.4
Maces & Flails | 4 5 6 7 9 10 12 13 | 13.7
Armour         | 3 4 5 7 8 9 10 | 10.9
Fighting       | 4 5 6 7 8 9 10 11 | 11.1
Shields        | 2 4 |  4.0

Action                   |  1- 3 |  4- 6 |  7- 9 | 10-12 | 13-15 || total
-------------------------+-------+-------+-------+-------+-------++-------
Melee: Mace              |   118 |   316 |    97 |   371 |       ||   902
       Flail             |       |       |   349 |       |       ||   349
       Morningstar       |       |       |       |   662 |   181 ||   843
Throw: Tomahawk          |       |     5 |     3 |     6 |       ||    14
Invok: Trog's Hand       |       |     1 |     5 |     3 |       ||     9
       Berserk           |       |       |     5 |     1 |       ||     6
  Use: Scroll            |     3 |     2 |     8 |    13 |     3 ||    29
       Potion            |       |       |       |     1 |       ||     1
  Eat: Chunk             |     1 |     9 |    23 |    36 |     4 ||    73
       Ration            |       |       |     2 |       |       ||     2
Armor: Animal skin       |    34 |       |       |       |       ||    34
       Leather armour    |    19 |       |       |       |       ||    19
       Ring mail         |     4 |   160 |       |       |       ||   164
       Scale mail        |       |       |    55 |       |       ||    55
       Plate armour      |       |       |   134 |   579 |    78 ||   791
Dodge: Dodged            |    76 |   180 |   206 |   609 |   100 ||  1171
Block: Buckler           |       |       |       |   108 |    30 ||   138
